[Event "European Online Club-ch-B 2021"]
[Site "Online"]
[Date "2021.03.27"]
[Round "9.4"]
[White "Nikel, Rastislav"]
[Black "Zlatin, Alexander"]
[Result "0-1"]
[ECO "A42"]
[WhiteElo "1984"]
[BlackElo "2343"]
[Annotator "NA"]
[PlyCount "90"]
[EventDate "2021.03.27"]
[EventType "team-tourn"]
[EventCountry "NET"]
[SourceTitle "playchess.com"]
[Source "ChessBase"]
[SourceQuality "1"]
[TimeControl "900+5"]

1. d4 g6 2. c4 Bg7 3. Nc3 d6 4. e4 e5 5. Nf3 exd4 6. Nxd4 Nc6 7. Be3 Nge7 8. Be2 O-O 9. O-O f5 10. exf5 Nxf5 11. Nxf5 Bxf5 12. Qd2 Ne5 13. Rac1 Qd7 14. c5 dxc5 15. Qxd7 Nxd7 16. Nd5 c6 17. Ne7+ Kh8 18. Nxf5 Rxf5 19. Bg4 Rd5 20. Bxd7 Rxd7 21. Rxc5 Bxb2 22. Rb1 Bf6 23. a4 Kg7 24. a5 Rad8 25. Kf1 Rd1+ 26. Rxd1 Rxd1+ 27. Ke2 Ra1 28. Bd2 Ra2 29. Kd3 Bd4 30. Rc4 c5 31. f3 b5 32. axb6 axb6 33. Rc1 Rb2 34. g4 Be5 35. h4 Rxd2+ 36. Kxd2 Bf4+ 37. Kc2 Bxc1 38. Kxc1 Kf6 39. f4 Ke6 40. Kc2 h5 41. f5+ gxf5 42. g5 b5 43. Kd3 b4 44. Kc4 f4 45. Kd3 b3 0-1

[Event "European Online Club-ch-B 2021"]
[Site "Online"]
[Date "2021.03.27"]
[Round "9.5"]
[White "Efimov, Igor"]
[Black "Santos Latasa, Jaime"]
[Result "0-1"]
[ECO "D01"]
[WhiteElo "2416"]
[BlackElo "2608"]
[Annotator "ChessBase"]
[PlyCount "60"]
[EventDate "2021.03.27"]
[EventType "team-tourn"]
[EventCountry "NET"]
[SourceTitle "playchess.com"]
[Source "ChessBase"]
[SourceQuality "1"]
[TimeControl "900+5"]

1. d4 Nf6 2. Bg5 c5 3. Nc3 d5 4. Bxf6 gxf6 5. e3 e6 6. Nf3 Nc6 7. Be2 a6 8. O-O f5 9. dxc5 Bxc5 10. Nd4 Bd7 11. Bf3 O-O 12. Nce2 Ne5 13. Ng3 Kh8 14. a4 Rc8 15. c3 Qe7 16. Re1 Rg8 17. Bh5 Qf6 18. Nf3 Nc4 19. b3 Nd6 20. Nd4 Ba7 21. Rc1 Ne4 22. c4 f4 23. Nxe4 dxe4 24. g3 Rcd8 25. Qc2 e5 26. Ne2 fxe3 27. fxe3 Qg5 28. Nc3 Bxe3+ 29. Rxe3 Qxe3+ 30. Kg2 Bg4 0-1

[Event "European Online Club-ch-B 2021"]
[Site "Online"]
[Date "2021.03.27"]
[Round "9.6"]
[White "Admiraal, Miguoel"]
[Black "Bagheri, Amir"]
[Result "1-0"]
[ECO "A45"]
[WhiteElo "2475"]
[BlackElo "2348"]
[Annotator "ChessBase"]
[PlyCount "35"]
[EventDate "2021.03.27"]
[EventType "team-tourn"]
[EventCountry "NET"]
[SourceTitle "playchess.com"]
[Source "ChessBase"]
[SourceQuality "1"]
[TimeControl "900+5"]

1. d4 Nf6 2. Bg5 e6 3. e4 h6 4. Bxf6 Qxf6 5. c3 d6 6. Bd3 g6 7. Ne2 e5 8. O-O Bg7 9. f4 exd4 10. cxd4 Bg4 11. Qa4+ Nd7 12. Nbc3 Bxe2 13. Nxe2 Qe7 14. f5 O-O 15. fxg6 fxg6 16. Nf4 Nb6 17. Qb3+ Qf7 18. Ne6 1-0

[Event "European Online Club-ch-B 2021"]
[Site "Online"]
[Date "2021.03.27"]
[Round "9.7"]
[White "Villegas, Pierre"]
[Black "Matnadze, Ana"]
[Result "1/2-1/2"]
[ECO "D35"]
[WhiteElo "2367"]
[BlackElo "2421"]
[Annotator "NA"]
[PlyCount "101"]
[EventDate "2021.03.27"]
[EventType "team-tourn"]
[EventCountry "NET"]
[SourceTitle "playchess.com"]
[Source "ChessBase"]
[SourceQuality "1"]
[TimeControl "900+5"]

1. d4 Nf6 2. c4 e6 3. Nc3 d5 4. cxd5 exd5 5. Bg5 c6 6. e3 Nbd7 7. Bd3 Be7 8. Nge2 Nf8 9. O-O Ne6 10. Bh4 g6 11. f3 O-O 12. Kh1 Ng7 13. Bf2 c5 14. dxc5 Bxc5 15. Qd2 Re8 16. Nb5 a6 17. Nbd4 Bd7 18. Rac1 Rc8 19. Rc2 Qe7 20. Rfc1 Bd6 21. Rxc8 Bxc8 22. Rd1 Bd7 23. Nc3 h6 24. e4 Ngh5 25. g3 Bb4 26. exd5 Qd6 27. Qxh6 Bxc3 28. bxc3 Qxd5 29. c4 Qa5 30. Qd2 Qc7 31. Re1 Rd8 32. Qg5 Bc6 33. Nxc6 Qxc6 34. Be4 Qc7 35. g4 Nxe4 36. Rxe4 Ng7 37. Qf6 Rd6 38. Qe5 Qd7 39. Kg2 Ne6 40. h4 Rd2 41. h5 g5 42. h6 Qd8 43. Kg3 Qd6 44. Be3 Qxe5+ 45. Rxe5 Re2 46. a4 Kh7 47. a5 Kg6 48. Kh3 Kh7 49. Kg3 Kg6 50. Re4 Kh7 51. Re5 1/2-1/2

[Event "European Online Club-ch-B 2021"]
[Site "Online"]
[Date "2021.03.27"]
[Round "9.8"]
[White "Grochal, Joey"]
[Black "Meylan, Andre"]
[Result "0-1"]
[ECO "E12"]
[WhiteElo "2335"]
[BlackElo "2205"]
[Annotator "NA"]
[PlyCount "56"]
[EventDate "2021.03.27"]
[EventType "team-tourn"]
[EventCountry "NET"]
[SourceTitle "playchess.com"]
[Source "ChessBase"]
[SourceQuality "1"]
[TimeControl "900+5"]

1. d4 e6 2. c4 Nf6 3. Nf3 b6 4. a3 Bb7 5. Nc3 d5 6. cxd5 Nxd5 7. Qc2 c5 8. e4 Nxc3 9. bxc3 cxd4 10. cxd4 Nd7 11. Bd3 Be7 12. Qe2 O-O 13. O-O Nf6 14. a4 Rc8 15. Bd2 Qd7 16. a5 Rfd8 17. axb6 axb6 18. Rfb1 Qc6 19. Ne5 Qc7 20. Ra4 Nd7 21. Rc4 Qb8 22. Nxd7 Rxd7 23. Rxb6 Rxc4 24. Bxc4 Qa7 25. Rb1 Qxd4 26. Bd3 Qxd3 27. Qxd3 Rxd3 28. Rxb7 Rxd2 0-1

[Event "European Online Club-ch-B 2021"]
[Site "Online"]
[Date "2021.03.27"]
[Round "9.9"]
[White "Demidov, Mikhail"]
[Black "Edouard, Romain"]
[Result "1/2-1/2"]
[ECO "B22"]
[WhiteElo "2523"]
[BlackElo "2614"]
[Annotator "ChessBase"]
[PlyCount "101"]
[EventDate "2021.03.27"]
[EventType "team-tourn"]
[EventCountry "NET"]
[SourceTitle "playchess.com"]
[Source "ChessBase"]
[SourceQuality "1"]
[TimeControl "900+5"]

1. e4 c5 2. Nf3 e6 3. c3 d5 4. exd5 exd5 5. d4 Nc6 6. Be3 c4 7. b3 cxb3 8. axb3 Bd6 9. Bd3 Nge7 10. O-O Bf5 11. Re1 O-O 12. Bg5 f6 13. Bh4 Qd7 14. Bg3 Bxg3 15. hxg3 Bxd3 16. Qxd3 Nf5 17. Nbd2 Rfe8 18. g4 Nd6 19. g5 fxg5 20. Nxg5 Qf5 21. Qxf5 Nxf5 22. Ne6 Re7 23. Nf4 Rxe1+ 24. Rxe1 Rd8 25. g4 Nfe7 26. Ne6 Rd6 27. f4 a5 28. Kg2 b5 29. Kg3 g6 30. Nc7 b4 31. cxb4 axb4 32. Nf3 Rd7 33. Ne6 Ra7 34. Nc5 Ra2 35. Re6 Kf8 36. Ne5 Nxe5 37. fxe5 Rd2 38. Rb6 h5 39. Rxb4 hxg4 40. Kxg4 Nc6 41. Rb6 Nxd4 42. Rb8+ Kg7 43. Rd8 Rg2+ 44. Kh3 Re2 45. Rxd5 Nxb3 46. Ne6+ Kf7 47. Nf4 Re4 48. Kg3 Nd4 49. Ra5 Ne2+ 50. Nxe2 Rxe2 51. Kf4 1/2-1/2

[Event "European Online Club-ch-B 2021"]
[Site "Online"]
[Date "2021.03.27"]
[Round "9.10"]
[White "Fontaine, Robert"]
[Black "Baltag, Iulian"]
[Result "0-1"]
[ECO "C01"]
[WhiteElo "2550"]
[BlackElo "2393"]
[Annotator "ChessBase"]
[PlyCount "80"]
[EventDate "2021.03.27"]
[EventType "team-tourn"]
[EventCountry "NET"]
[SourceTitle "playchess.com"]
[Source "ChessBase"]
[SourceQuality "1"]
[TimeControl "900+5"]

1. e4 e6 2. d4 d5 3. Bd3 dxe4 4. Bxe4 Nf6 5. Bf3 c5 6. Ne2 Nc6 7. Be3 cxd4 8. Nxd4 Ne5 9. Be2 Bb4+ 10. c3 Be7 11. O-O O-O 12. c4 Bd7 13. Nc3 Rc8 14. b3 Qa5 15. Qc2 a6 16. a3 Qc7 17. h3 b5 18. Bf4 Nf3+ 19. Nxf3 Qxf4 20. Rfd1 Bc6 21. cxb5 axb5 22. Qb2 b4 23. axb4 Qxb4 24. Rac1 Bb7 25. Nb5 Bd5 26. Nbd4 Ne4 27. Ne5 Nc3 28. Rd3 Nxe2+ 29. Nxe2 Rxc1+ 30. Qxc1 Qe4 31. Rxd5 exd5 32. Qe3 Qxe3 33. fxe3 Bc5 34. Nd4 Bxd4 35. exd4 Rb8 36. Nc6 Rxb3 37. Kf2 Kf8 38. h4 f6 39. Na5 Rb5 40. Nc6 Ke8 0-1

[Event "European Online Club-ch-B 2021"]
[Site "Online"]
[Date "2021.03.27"]
[Round "9.11"]
[White "Andriasyan, Siranush"]
[Black "Riff, Jean-Noel"]
[Result "1/2-1/2"]
[ECO "B80"]
[WhiteElo "2298"]
[BlackElo "2499"]
[Annotator "ChessBase"]
[PlyCount "151"]
[EventDate "2021.03.27"]
[EventType "team-tourn"]
[EventCountry "NET"]
[SourceTitle "playchess.com"]
[Source "ChessBase"]
[SourceQuality "1"]
[TimeControl "900+5"]

1. e4 c5 2. Nf3 d6 3. d4 cxd4 4. Nxd4 Nf6 5. Nc3 e6 6. Bg5 h6 7. Be3 Nc6 8. f3 Be7 9. Qd2 O-O 10. O-O-O d5 11. Qe1 e5 12. Nxc6 bxc6 13. Qg3 Qd6 14. Na4 d4 15. Bd2 Be6 16. b3 Kh8 17. Bd3 Nd7 18. f4 Rab8 19. Nb2 Qa3 20. Kb1 exf4 21. Bxf4 Bb4 22. Bc1 Qa5 23. Bc4 Bc3 24. Bxe6 fxe6 25. Rhf1 Ne5 26. Qh4 Kh7 27. Qe7 Rfe8 28. Qh4 Rb7 29. g4 Ng6 30. Qh3 Bxb2 31. Bxb2 e5 32. g5 Nf4 33. Qg4 Qd8 34. gxh6 gxh6 35. Qf5+ Ng6 36. Rg1 Rg7 37. h4 Rf8 38. Qe6 Qf6 39. Qh3 Qf3 40. Qe6 Rf6 41. Qc4 Rgf7 42. h5 Qxh5 43. Rh1 Qf3 44. Bc1 Nf4 45. Rdg1 Qxe4 46. Qc5 d3 47. Kb2 dxc2 48. Bxf4 Rxf4 49. Qd6 Qd4+ 50. Qxd4 Rxd4 51. Kxc2 Rf2+ 52. Kc3 Rxa2 53. Re1 Ra5 54. Ref1 Rf4 55. Rd1 Rd5 56. Ra1 a5 57. Kb2 Rf3 58. Rac1 c5 59. Ra1 Rd2+ 60. Kc1 Rg2 61. Rxa5 Rc3+ 62. Kd1 Rxb3 63. Ra7+ Kg6 64. Kc1 h5 65. Rc7 Rc3+ 66. Kb1 e4 67. Rc6+ Kg5 68. Rc8 Kf4 69. Rxh5 Rf3 70. Rcxc5 e3 71. Rc4+ Kg3 72. Rg5+ Kf2 73. Rc2+ e2 74. Rxe2+ Kxe2 75. Rxg2+ Rf2 76. Rxf2+ 1/2-1/2

[Event "European Online Club-ch-B 2021"]
[Site "Online"]
[Date "2021.03.27"]
[Round "9.12"]
[White "Miralles, Gilles"]
[Black "Naudion, Gregoire"]
[Result "1-0"]
[ECO "E67"]
[WhiteElo "2418"]
[BlackElo "2146"]
[Annotator "NA"]
[PlyCount "55"]
[EventDate "2021.03.27"]
[EventType "team-tourn"]
[EventCountry "NET"]
[SourceTitle "playchess.com"]
[Source "ChessBase"]
[SourceQuality "1"]
[TimeControl "900+5"]

1. d4 g6 2. Nf3 Bg7 3. g3 Nf6 4. Bg2 O-O 5. c4 d6 6. Nc3 Nbd7 7. O-O e5 8. Qc2 c6 9. Rd1 Qe7 10. b3 Re8 11. e3 exd4 12. Nxd4 Ne5 13. Bb2 Bg4 14. f3 c5 15. fxg4 cxd4 16. Rxd4 Nexg4 17. Re1 Qe5 18. Nd1 Qc5 19. h3 Ne5 20. Kh2 Nc6 21. Rf1 Re6 22. Rdf4 Ne5 23. Bd4 Qc7 24. Nc3 h5 25. Qd2 Qd8 26. Bxb7 Rb8 27. Bg2 Bh6 28. Bxa7 1-0

[Event "European Online Club-ch-B 2021"]
[Site "Online"]
[Date "2021.03.27"]
[Round "9.13"]
[White "Sorensen, Hampus"]
[Black "Grandelius, Nils"]
[Result "0-1"]
[ECO "D90"]
[WhiteElo "2395"]
[BlackElo "2663"]
[Annotator "ChessBase"]
[PlyCount "70"]
[EventDate "2021.03.27"]
[EventType "team-tourn"]
[EventCountry "NET"]
[SourceTitle "playchess.com"]
[Source "ChessBase"]
[SourceQuality "1"]
[TimeControl "900+5"]

1. d4 Nf6 2. c4 g6 3. Nc3 d5 4. Nf3 Bg7 5. h4 Bg4 6. Ne5 Be6 7. Bg5 O-O 8. e3 c5 9. dxc5 Ne4 10. Nxe4 dxe4 11. Qxd8 Rxd8 12. Bxe7 Re8 13. Bd6 f6 14. c6 bxc6 15. Bxb8 Rexb8 16. Nxc6 Rxb2 17. Nd4 Bf7 18. Be2 f5 19. Bd1 a5 20. c5 a4 21. a3 Bc4 22. Rc1 Bd3 23. c6 Rc8 24. Bxa4 Bf8 25. Bb3+ Kh8 26. Be6 Rc7 27. Bc4 Bxc4 28. Rxc4 Rb1+ 29. Kd2 Rxh1 30. Nb5 Rc8 31. Na7 Rd8+ 32. Kc2 Bxa3 33. c7 Rc1+ 34. Kb3 Rd3+ 35. Ka2 Rxc4 0-1

[Event "European Online Club-ch-B 2021"]
[Site "Online"]
[Date "2021.03.27"]
[Round "9.14"]
[White "Hansen, Sune Berg"]
[Black "Agrest, Inna"]
[Result "1-0"]
[ECO "C54"]
[WhiteElo "2533"]
[BlackElo "2285"]
[Annotator "ChessBase"]
[PlyCount "57"]
[EventDate "2021.03.27"]
[EventType "team-tourn"]
[EventCountry "NET"]
[SourceTitle "playchess.com"]
[Source "ChessBase"]
[SourceQuality "1"]
[TimeControl "900+5"]

1. e4 e5 2. Nf3 Nc6 3. Bc4 Nf6 4. d3 Bc5 5. c3 a6 6. a4 Ba7 7. O-O d6 8. Re1 O-O 9. h3 Ne7 10. d4 Ng6 11. Nbd2 Qe7 12. Bb3 Nh5 13. Nf1 Nhf4 14. Ng3 h6 15. Nf5 Qf6 16. Bc2 Re8 17. Be3 exd4 18. cxd4 d5 19. e5 Qd8 20. Qd2 Bxf5 21. Bxf5 Ne6 22. Rac1 c6 23. Rc3 a5 24. Bxh6 Nh4 25. Bxe6 fxe6 26. Nxh4 Qxh4 27. Rg3 Qxd4 28. Rxg7+ Kh8 29. Qc2 1-0

[Event "European Online Club-ch-B 2021"]
[Site "Online"]
[Date "2021.03.27"]
[Round "9.15"]
[White "Rasti, Arvin"]
[Black "Engel, Luis"]
[Result "0-1"]
[ECO "D38"]
[WhiteElo "2195"]
[BlackElo "2553"]
[Annotator "ChessBase"]
[PlyCount "44"]
[EventDate "2021.03.27"]
[EventType "team-tourn"]
[EventCountry "NET"]
[SourceTitle "playchess.com"]
[Source "ChessBase"]
[SourceQuality "1"]
[TimeControl "900+5"]

1. d4 Nf6 2. c4 e6 3. Nf3 d5 4. Nc3 Bb4 5. Qa4+ Nc6 6. e3 O-O 7. Bd2 dxc4 8. Bxc4 Bd6 9. a3 e5 10. dxe5 Nxe5 11. Nxe5 Bxe5 12. O-O-O Qe7 13. Qc2 Be6 14. Bxe6 Qxe6 15. Kb1 Rfe8 16. Ne4 Nxe4 17. Qxe4 Qb6 18. Qb4 Qg6+ 19. Ka1 a5 20. Qc4 b5 21. Qd5 b4 22. a4 Qc2 0-1

[Event "European Online Club-ch-B 2021"]
[Site "Online"]
[Date "2021.03.27"]
[Round "9.16"]
[White "Heinemann, Thies"]
[Black "Wengholm, Anders"]
[Result "1-0"]
[ECO "B09"]
[WhiteElo "2502"]
[BlackElo "2198"]
[Annotator "ChessBase"]
[PlyCount "57"]
[EventDate "2021.03.27"]
[EventType "team-tourn"]
[EventCountry "NET"]
[SourceTitle "playchess.com"]
[Source "ChessBase"]
[SourceQuality "1"]
[TimeControl "900+5"]

1. e4 d6 2. d4 Nf6 3. Nc3 g6 4. f4 Bg7 5. Nf3 c5 6. dxc5 Qa5 7. Qd4 O-O 8. Bd2 Nc6 9. Qc4 Be6 10. Qb5 Qc7 11. cxd6 exd6 12. Bd3 a6 13. Qg5 Qb6 14. Na4 Qa7 15. f5 h6 16. Qh4 g5 17. Nxg5 Bxf5 18. exf5 Rfe8+ 19. Kd1 hxg5 20. Bxg5 Ne5 21. Nc3 Neg4 22. Kd2 b5 23. Rae1 b4 24. Nd1 d5 25. h3 Ne4+ 26. Bxe4 dxe4 27. hxg4 Rac8 28. Kc1 Qd4 29. Re2 1-0

[Event "European Online Club-ch-B 2021"]
[Site "Online"]
[Date "2021.03.27"]
[Round "9.18"]
[White "Navara, David"]
[Black "Mathieu, Phileas"]
[Result "1-0"]
[ECO "A58"]
[WhiteElo "2697"]
[BlackElo "2240"]
[Annotator "ChessBase"]
[PlyCount "35"]
[EventDate "2021.03.27"]
[EventType "team-tourn"]
[EventCountry "NET"]
[SourceTitle "playchess.com"]
[Source "ChessBase"]
[SourceQuality "1"]
[TimeControl "900+5"]

1. d4 Nf6 2. c4 c5 3. d5 b5 4. cxb5 a6 5. bxa6 g6 6. Nc3 Bg7 7. e4 O-O 8. e5 Ne8 9. h4 d6 10. h5 Nd7 11. hxg6 hxg6 12. e6 fxe6 13. dxe6 Ne5 14. f4 Nc6 15. Nf3 Nd4 16. Ng5 Nc7 17. Qd3 Ncxe6 18. Rh8+ 1-0

[Event "European Online Club-ch-B 2021"]
[Site "Online"]
[Date "2021.03.27"]
[Round "9.19"]
[White "Adrian, Leopold"]
[Black "Sasikiran, Krishnan"]
[Result "0-1"]
[ECO "A25"]
[WhiteElo "2009"]
[BlackElo "2647"]
[Annotator "ChessBase"]
[PlyCount "70"]
[EventDate "2021.03.27"]
[EventType "team-tourn"]
[EventCountry "NET"]
[SourceTitle "playchess.com"]
[Source "ChessBase"]
[SourceQuality "1"]
[TimeControl "900+5"]

1. c4 e5 2. Nc3 Nc6 3. e3 Nf6 4. g4 d5 5. g5 d4 6. gxf6 dxc3 7. bxc3 Qxf6 8. Bg2 Qg6 9. Qf3 Be6 10. d4 Bxc4 11. d5 Na5 12. Ne2 O-O-O 13. e4 Kb8 14. O-O f5 15. exf5 Qa6 16. Re1 Bc5 17. Bg5 Rxd5 18. Ng3 h6 19. Be3 Bxe3 20. Qxe3 Rd7 21. Qxe5 Rhd8 22. Nh5 Nc6 23. Qc5 Bd5 24. Rad1 b6 25. Qe3 Qxa2 26. Rxd5 Rxd5 27. Nxg7 Re5 28. Qc1 Qd2 29. Qxd2 Rxd2 30. Rxe5 Nxe5 31. f6 a5 32. Be4 a4 33. f4 Nd7 34. f7 a3 35. Bb1 Rb2 0-1

[Event "European Online Club-ch-B 2021"]
[Site "Online"]
[Date "2021.03.27"]
[Round "9.20"]
[White "Ragger, Markus"]
[Black "Venard, Paul-Andre"]
[Result "1-0"]
[ECO "B38"]
[WhiteElo "2680"]
[BlackElo "2048"]
[Annotator "ChessBase"]
[PlyCount "49"]
[EventDate "2021.03.27"]
[EventType "team-tourn"]
[EventCountry "NET"]
[SourceTitle "playchess.com"]
[Source "ChessBase"]
[SourceQuality "1"]
[TimeControl "900+5"]

1. e4 c5 2. Nf3 g6 3. d4 cxd4 4. Nxd4 Bg7 5. c4 Nc6 6. Be3 Nh6 7. Nc3 d6 8. Be2 f5 9. Bxh6 Bxh6 10. exf5 O-O 11. Ne6 Bxe6 12. fxe6 Qb6 13. O-O Qxb2 14. Nd5 b6 15. Rb1 Qxa2 16. Bd3 Qd2 17. Qxd2 Bxd2 18. f4 Rac8 19. g3 Rfe8 20. Rfd1 Ba5 21. Bc2 Nd8 22. Ba4 Nxe6 23. Bxe8 Rxe8 24. Rb3 Kf7 25. Re3 1-0